AoeStats
← 文風

Black Forest

506395852Analyzed
4v4 RM · 20d ago on Sep 13, 2026· 40m 55s· 8 players
Game mode
Random Map
Map size
Large (8 player)
Population
200
Speed
Normal
Resources
Standard
Victory
Conquest
Starting age
Dark Age
Ending age
Imperial Age
RankedLock teamsTeams togetherTeam positionsShared explorationLock speedFull tech treeHidden civsTurbo modeCheats
Victory
Defeat
🇻🇳 Chinese · Vietnam
1344
+18
🇨🇳 Teutons · China
1322
+19
🇨🇳 Franks · China
1300
+20
🇸🇪 Persians · Sweden
1299
+20
🇭🇰 Mongols · Hong Kong SAR China
1405
-21
1384
-19
🇪🇸 Goths · Spain
1380
-19
🇭🇰 Cumans · Hong Kong SAR China
1364
-18
Chut Pro
0:27 Loom
12:35 Feudal Age
16:35 Castle Age
15:04 Double-Bit Axe
15:02 Horse Collar
17:08 Fletching
29:43 Wheelbarrow
34:32 Imperial Age
32:28 Bodkin Arrow
34:26 Bow Saw
34:35 Hand Cart
34:52 Padded Archer Armor
36:03 Conscription
36:26 Bracer
36:04 Elite Chu Ko Nu
38:16 Gold Mining
39:27 Two-Man Saw
38:28 Heavy Plow
38:21 Stone Mining
39:29 Leather Archer Armor
39:45 Rocketry
41:26 Chemistry
41:37 Ring Archer Armor
一只小耳
12:36 Feudal Age
14:22 Double-Bit Axe
16:41 Castle Age
15:14 Horse Collar
21:05 Wheelbarrow
22:24 Heavy Plow
25:25 Loom
30:07 Imperial Age
28:52 Gold Mining
30:02 Hand Cart
29:47 Fletching
30:34 Forging
32:01 Chemistry
31:55 Bodkin Arrow
32:36 Bow Saw
34:18 Hoardings
35:49 Two-Man Saw
34:52 Padded Archer Armor
35:07 Siege Engineers
35:24 Ballistics
35:15 Masonry
35:18 Pikeman
35:58 Squires
36:01 Scale Mail Armor
37:07 Leather Archer Armor
38:39 Halberdier
39:22 Capped Ram
40:49 Ring Archer Armor
Itsalright7
11:09 Feudal Age
10:55 Loom
14:33 Castle Age
12:49 Double-Bit Axe
12:48 Horse Collar
24:36 Heavy Plow
26:57 Wheelbarrow
26:29 Scale Barding Armor
26:57 Forging
27:23 Husbandry
27:33 Bloodlines
27:51 Bloodlines
31:52 Imperial Age
29:25 Gold Mining
29:26 Stone Mining
29:57 Chain Barding Armor
30:31 Iron Casting
31:35 Hand Cart
31:12 Fletching
32:13 Gold Shaft Mining
31:25 Town Watch
31:20 Light Cavalry
32:08 Caravan
32:40 Conscription
32:49 Elite War Elephant
35:58 Crop Rotation
35:46 Bow Saw
35:24 Hussar
37:32 Chemistry
37:10 Plate Barding Armor
37:43 Blast Furnace
38:18 Guard Tower
38:48 Ballistics
38:32 Capped Ram
41:13 Coinage
40:54 Guilds
萱你在吗
2:31 Loom
12:32 Feudal Age
16:38 Castle Age
14:56 Double-Bit Axe
18:02 Bow Saw
22:49 Wheelbarrow
22:12 Town Watch
22:53 Gold Mining
25:22 Gold Shaft Mining
24:38 Stone Mining
26:20 Scale Barding Armor
26:25 Forging
27:11 Hand Cart
30:27 Imperial Age
29:37 Chain Barding Armor
29:53 Iron Casting
30:12 Husbandry
30:42 Cavalier
32:08 Plate Barding Armor
31:21 Capped Ram
34:11 Blast Furnace
33:07 Paladin
36:37 Conscription
39:12 Light Cavalry
40:53 Siege Engineers
專業送分員
2:15 Loom
10:35 Feudal Age
11:42 Double-Bit Axe
15:50 Wheelbarrow
15:26 Horse Collar
22:02 Castle Age
21:03 Gold Mining
23:11 Hand Cart
24:09 Bow Saw
27:26 Heavy Plow
28:15 Scale Barding Armor
28:21 Forging
30:55 Imperial Age
29:21 Chain Barding Armor
30:22 Iron Casting
30:43 Bloodlines
30:45 Fletching
30:57 Padded Archer Armor
31:32 Ballistics
31:12 Cavalier
33:03 Chemistry
32:41 Plate Barding Armor
33:09 Blast Furnace
33:13 Conscription
33:29 Thumb Ring
33:51 Parthian Tactics
35:25 Paladin
39:11 Squires
38:31 Pikeman
39:13 Scale Mail Armor
迪恩-伊薩卡-凡爾賽提斯
1:11 Loom
13:02 Feudal Age
14:34 Horse Collar
16:57 Castle Age
15:51 Double-Bit Axe
16:36 Fletching
17:56 Bow Saw
32:29 Imperial Age
30:49 Wheelbarrow
31:03 Fortified Wall
31:46 Masonry
33:13 Hand Cart
33:51 Conscription
33:41 Wagenburg Tactics
34:19 Heavy Plow
35:20 Two-Man Saw
34:26 Scale Mail Armor
34:36 Forging
34:00 Pikeman
34:41 Squires
34:26 Arson
34:43 Halberdier
36:05 Chain Mail Armor
37:49 Plate Mail Armor
37:54 Iron Casting
37:19 Bodkin Arrow
38:26 Chemistry
CARANZA
0:32 Loom
12:24 Feudal Age
12:54 Double-Bit Axe
12:31 Man-at-Arms
17:39 Horse Collar
19:19 Scale Mail Armor
19:40 Fletching
25:42 Castle Age
23:53 Stone Mining
24:10 Gold Mining
26:32 Heavy Plow
26:44 Bow Saw
28:53 Wheelbarrow
29:44 Forging
30:34 Squires
31:46 Chain Mail Armor
37:14 Imperial Age
35:59 Iron Casting
35:08 Pikeman
文風
11:00 Feudal Age
14:29 Castle Age
12:27 Double-Bit Axe
12:48 Horse Collar
15:28 Bow Saw
20:57 Wheelbarrow
20:32 Heavy Plow
24:24 Gold Mining
24:25 Stone Mining
26:20 Gold Shaft Mining
28:33 Stone Shaft Mining
28:25 Scale Barding Armor
28:11 Fletching
32:15 Imperial Age
30:27 Bodkin Arrow
31:21 Padded Archer Armor
31:42 Chain Barding Armor
31:56 Ballistics
31:54 Husbandry
32:05 Bloodlines
31:15 Light Cavalry
32:19 Leather Archer Armor
32:14 Forging
32:18 Thumb Ring
32:32 Hussar
32:41 Elite Mangudai
33:41 Conscription
32:55 Capped Ram
38:48 Bracer
41:04 Chemistry
Connection lost

Rejoining the realm…

Still unreachable

The connection could not be restored.

Session expired

The server has moved on; the page needs a fresh start.